Map: [ESL] Moondance

Players

Elazer

  • Race: Zerg Zerg
  • Spawn Location: 6:00

SKillous - Winner!

  • Race: Protoss Protoss
  • Spawn Location: 12:00

Event: DreamHack SC2 Masters 2022 Atlanta (Online)

VOD

Have the link to the VOD?

Description

Time

  • Played on: Oct. 11, 2022, 10:12 a.m.
  • Length: 8:09

All games in this series

Show
View Real Time Build Order
Export as new Build Order

Elazer Zerg 

Build Orders: Hatch First 

Get SALT Encoding   

  12  0:00  Drone  
  13  0:12  Overlord  
  13  0:17  Drone  
  14  0:30  Drone x2  
  16  0:48  Hatchery  
  15  0:51  Drone  
  15  0:55  Drone  
  17  0:58  Drone  
  18  1:09  Extractor  
  17  1:13  Spawning Pool  
  17  1:17  Drone  
  17  1:21  Drone  
  18  1:28  Drone  
  20  1:40  Drone  
  20  1:50  Overlord  
  20  2:00  Queen  
  20  2:01  Queen  
  22  2:02  Zergling x2, Drone  
  26  2:12  Zergling x2, Drone  
  26  2:13  Metabolic Boost  
  28  2:22  Drone x2  
  30  2:32  Drone x2  
  30  2:37  Queen  
  34  2:45  Drone, Overlord  
  35  2:52  Hatchery  
  34  3:00  Queen  
  38  3:05  Drone x2  
  38  3:06  Drone  
  38  3:09  Drone x2  
  41  3:14  Overlord  
  41  3:18  Queen  
  43  3:21  Drone  
  43  3:24  Overlord  
  44  3:33  Spore Crawler  
  43  3:35  Drone x2  
  43  3:37  Drone x2  
  47  3:43  Drone x4  
  51  3:48  Queen  
  51  3:51  Drone x2  
  51  3:54  Overlord  
  55  4:01  Queen  
  57  4:04  Zergling x4  
  57  4:05  Zergling x2  
  57  4:09  Zergling x6  
  63  4:12  Overlord  
  63  4:19  Spore Crawler x2  
  63  4:21  Overlord  
  63  4:22  Zergling x6  
  64  4:35  Drone x6  
  67  4:46  Overlord  
  67  4:51  Drone x8  
  71  4:57  Drone x2  
  71  4:59  Lair  
  73  5:01  Drone  
  73  5:06  Overlord  
  74  5:07  Drone x6  
  74  5:10  Drone  
  81  5:14  Drone  
  81  5:16  Drone  
  81  5:19  Drone  
  81  5:22  Extractor  
  81  5:23  Extractor  
  81  5:26  Drone  
  81  5:28  Overlord, Extractor  
  79  5:29  Extractor x2  
  79  5:33  Hatchery  
  79  5:35  Drone x3  
  78  5:43  Overlord  
  78  5:44  Drone x9  
  87  5:52  Overlord  
  87  5:56  Overlord  
  87  6:00  Overseer  
  87  6:03  Overlord  
  87  6:08  Spire, Overlord  
  86  6:12  Zergling x12  
  86  6:13  Zergling x2  
  92  6:19  Overlord  
  92  6:23  Zergling x2  
  92  6:24  Zergling x6  
  96  6:29  Overlord  
  96  6:32  Drone x7  
  103  6:34  Drone  
  103  6:36  Evolution Chamber  
  103  6:41  Drone x2  
  103  6:46  Drone x2  
  103  6:50  Overlord  
  103  6:52  Extractor  
  102  6:56  Extractor  
  101  7:02  Zergling x2  
  101  7:03  Zergling x22  
  113  7:10  Zergling x4  
  110  7:25  Mutalisk x11  
  132  7:33  Mutalisk x2  
  132  7:35  Overlord  
  133  7:46  Zergling x10  
  133  7:47  Zergling x4  
Show
View Real Time Build Order
Export as new Build Order

SKillous Protoss - Winner!

Build Orders: 1 Gate Expand, Zealot Archon, Dark Templar Rush 

Get SALT Encoding   

  12  0:00  Probe  
  13  0:12  Probe  
  14  0:17  Pylon  
  14  0:24  Probe (Chrono Boost)  
  15  0:36  Probe (Chrono Boost)  
  15  0:39  Gateway  
  16  0:45  Probe (Chrono Boost)  
  16  0:47  Assimilator  
  17  0:53  Probe  
  18  1:05  Probe  
  19  1:17  Probe  
  20  1:24  Nexus  
  20  1:34  Cybernetics Core  
  20  1:37  Probe  
  21  1:44  Assimilator  
  21  1:49  Probe  
  21  1:51  Pylon  
  22  2:01  Probe (Chrono Boost)  
  23  2:07  Adept (Chrono Boost)  
  23  2:11  Warp Gate  
  23  2:13  Probe (Chrono Boost)  
  26  2:21  Probe (Chrono Boost)  
  27  2:23  Twilight Council  
  27  2:32  Stalker  
  30  2:37  Probe (Chrono Boost)  
  30  2:42  Probe (Chrono Boost)  
  31  2:46  Probe (Chrono Boost)  
  31  2:50  Probe (Chrono Boost)  
  33  2:51  Probe (Chrono Boost)  
  33  2:53  Robotics Facility  
  34  3:00  Probe (Chrono Boost)  
  34  3:04  Gateway  
  34  3:05  Probe (Chrono Boost)  
  37  3:12  Probe (Chrono Boost)  
  38  3:20  Probe (Chrono Boost)  
  38  3:21  Dark Shrine, Probe (Chrono Boost)  
  38  3:24  Adept  
  41  3:27  Probe  
  41  3:28  Probe  
  41  3:31  Pylon  
  43  3:39  Probe  
  45  3:41  Warp Prism (Chrono Boost)  
  46  3:49  Probe  
  46  3:50  Pylon  
  46  3:51  Probe  
  48  4:01  Probe  
  48  4:02  Adept x2  
  53  4:04  Probe  
  54  4:13  Pylon  
  54  4:15  Probe  
  55  4:21  Nexus  
  55  4:22  Probe  
  55  4:23  Assimilator  
  56  4:27  Probe  
  57  4:34  Probe  
  57  4:37  Dark Templar x2  
  62  4:39  Forge  
  62  4:41  Probe, Assimilator  
  61  4:50  Probe  
  58  4:53  Probe  
  58  4:58  Immortal  
  58  4:59  Pylon  
  63  5:03  Probe  
  63  5:05  Probe  
  65  5:10  Archon  
  65  5:11  Dark Templar  
  65  5:13  Dark Templar  
  69  5:15  Probe (Chrono Boost)  
  69  5:17  Probe (Chrono Boost)  
  67  5:21  Protoss Ground Weapons Level 1 (Chrono Boost)  
  67  5:27  Probe (Chrono Boost)  
  69  5:29  Probe (Chrono Boost)  
  69  5:30  Gateway  
  69  5:31  Gateway  
  69  5:32  Probe (Chrono Boost)  
  69  5:34  Probe (Chrono Boost)  
  71  5:41  Immortal (Chrono Boost)  
  69  5:43  Probe x2  
  69  5:44  Probe  
  69  5:48  Assimilator  
  76  5:52  Gateway x2  
  76  5:55  Probe, Gateway  
  77  5:58  Gateway  
  77  6:03  Probe  
  78  6:06  Sentry x2  
  78  6:11  Immortal (Chrono Boost)  
  82  6:14  Charge (Chrono Boost)  
  82  6:16  Probe  
  87  6:24  Nexus  
  87  6:25  Pylon  
  87  6:31  Zealot x3  
  93  6:35  Pylon  
  93  6:36  Pylon  
  93  6:43  Probe  
  94  6:50  Shield Battery, Dark Templar x2  
  94  6:52  Probe x2  
  94  6:53  Pylon  
  100  6:54  Pylon  
  100  6:56  Archon  
  100  7:02  Zealot x3  
  100  7:05  Probe x2  
  100  7:06  Probe  
  109  7:17  Probe x2  
  109  7:18  Probe  
  110  7:27  Dark Templar x3  
  110  7:28  Dark Templar x2  
  110  7:29  Probe x2, Stalker  
  124  7:30  Probe  
  124  7:32  Archon x2  
  124  7:33  Dark Templar  
  124  7:35  Zealot, Stalker  
  129  7:37  Archon  
  129  7:40  Probe  
  123  8:00  Stalker x4  
  123  8:01  Stalker  
  123  8:02  Zealot  
  123  8:04  Zealot  
Tags
 
Add a new tag
Caveats
  • Supply blocks, unpowered buildings, or Contaminate may cause inaccurate times.
  • Supply counts are checked every 10 seconds.